Cogmind - Beta 12 @@@ ROGUE MODE // 2023.03.11 @ 21:49:59 Player: Fleshy Vegetable Bird Result: Destroyed by as-29010 with Assembled Maul Performance ------------- Evolutions (0) 0 Regions Visited (2) 400 Robots Destroyed (15) 75 Value Destroyed (285) 285 Prototype IDs (2) 40 Alien Tech Used (0) 0 Bonus (-111) -111 TOTAL SCORE: 689 Bonus ------- Friendly Fire -111 Cogmind --------- Core Integrity 0/250 Matter 293/300 Energy 250/250 System Corruption 2% Temperature Cool (0) Movement Rolling (125) Ox3 Location -10/Mines Parts ------- > --- POWER (1) -------- Ion Engine > --- PROPULSION (2) --- Wheel > --- UTILITY (2) ------ Large Storage Unit Medium Armor Plating > --- WEAPON (2) ------- Heavy Hammer Heavy Hammer > --- INVENTORY (15) --- Improved Light Armor Plating Medium Laser Assault Rifle Shotgun Shotgun Grenade Launcher Rocket Launcher Peak State ------------ > --- POWER ------------ Light Nuclear Core > --- PROPULSION ------- Wheel Wheel > --- UTILITY ---------- Large Storage Unit Medium Armor Plating > --- WEAPON ----------- Assault Rifle Rocket Launcher > --- INVENTORY -------- Ion Engine Medium Armor Plating Medium Laser Shotgun Shotgun Grenade Launcher Heavy Hammer Heavy Hammer [Rating: 12] Favorites ----------- Power Light Nuclear Core Engine Light Ion Engine Power Core Light Nuclear Core Propulsion Wheel Wheel Wheel Utility Small Storage Unit Storage Small Storage Unit Protection Medium Armor Plating Weapon Medium Laser Energy Gun Medium Laser Ballistic Gun Assault Rifle Launcher Grenade Launcher Impact Weapon Heavy Hammer Build | -11 -10 -10 ------- Run | Jun Mat Min Slots Evolved . | . . . Power . | . . . Propulsion . | . . . Utility . | . . . Weapon . | . . . Parts Attached 19 | 8 4 7 Power 3 | 1 1 1 Engine 2 | 1 . 1 Core 1 | . 1 . Reactor . | . . . Propulsion 5 | 4 . 1 Treads . | . . . Leg . | . . . Wheel 5 | 4 . 1 Hover . | . . . Flight . | . . . Utility 4 | 1 2 1 Device . | . . . Storage 2 | 1 1 . Processor . | . . . Hackware . | . . . Protection 2 | . 1 1 Artifact . | . . . Weapon 7 | 2 1 4 Energy Gun 2 | 1 1 . Energy Cannon . | . . . Ballistic Gun 1 | 1 . . Ballistic Cannon . | . . . Launcher 2 | . . 2 Special Weapon . | . . . Impact Weapon 2 | . . 2 Slashing Weapon . | . . . Piercing Weapon . | . . . Special Melee Weapon . | . . . Unidentified Prototypes . | . . . Parts Lost 5 | . 1 4 Power 2 | . 1 1 Propulsion 2 | . . 2 Utility 1 | . . 1 Weapon . | . . . Highest Loss Streak 4 | . 1 4 To Critical Strikes . | . . . Average Slot Usage (%) 93 | . 92 95 Engine 3 | . 4 2 Core 9 | . 9 10 Wheel 26 | . 28 24 Storage 14 | . 14 14 Protection 9 | . 7 14 Energy Gun 10 | . 14 4 Ballistic Gun 10 | . 14 4 Launcher 5 | . . 13 Impact Weapon 2 | . . 6 Naked Turns . | . . . Heaviest Build 39 | 12 36 39 Greatest Support 32 | 32 20 20 Greatest Overweight (x) 3 | . 1 3 Average Overweight (x) . | . . 1 Largest Inventory Capacity 15 | 8 15 15 Average Capacity 10 | 7 8 15 Most Carried 10 | 5 8 10 Average Carried 5 | 2 5 7 Final Capacity 15 | 8 15 15 Final Carried 7 | 2 7 7 Class Distribution -------------------- 100% | Mutant Dominant Class ---------------- Mutant | -10/Materials Mutant | -10/Mines Resources | -11 -10 -10 ----------- Run | Jun Mat Min Matter Collected 517 | 323 62 132 Remotely . | . . . Salvage Created 488 | 195 225 68 Parts 34 | 16 16 2 Haulers Intercepted 1 | . 1 . Recyclers Shooed 1 | 1 . . Parts Field Recycled . | . . . Retrieved Matter . | . . . Parts Self-Destructed . | . . . Prevented . | . . . Kills | -11 -10 -10 ------- Run | Jun Mat Min Combat Hostiles Destroyed 9 | . 4 5 Melee 2 | . . 2 Guns 4 | . 4 . AOE 2 | . . 2 Classes Destroyed 6 | 3 2 1 Worker 2 | 2 . . Tunneler 5 | 5 . . Hauler 1 | . 1 . Recycler 1 | 1 . . Grunt 6 | . 4 2 Assembled 3 | . . 3 Best Kill Streak 4 | 4 3 2 Combat Bots Only 3 | . 3 2 Max Kills in Single Turn 1 | 1 1 1 Gunslinging . | . . . Exploded 1 | . . 1 Melee 1 | . . 1 Uniques/NPCs Destroyed . | . . . Combat | -11 -10 -10 -------- Run | Jun Mat Min Damage Taken 817 | . 263 554 Core 276 | . 72 204 Absorbed by Shields . | . . . Core Remaining (%) 100 | 100 . . Volleys Fired 36 | 15 18 3 Largest 2 | 2 2 2 Hottest 70 | 70 70 63 Shots Fired 71 | 30 36 5 Gun 66 | 30 36 . Cannon . | . . . Launcher 5 | . . 5 Special . | . . . Kinetic 33 | 15 18 . Thermal 33 | 15 18 . Explosive 5 | . . 5 Electromagnetic . | . . . Robot Hit Streak 8 | 6 8 4 Robot Miss Streak 3 | 3 2 1 Penetration Max . | . . . Secondary Targets . | . . . Shots Hit Robots 48 | 17 24 7 Core Hits 29 | 9 11 9 Critical Kills 1 | . . 1 Critical Parts Destroyed . | . . . Critical Strikes 4 | . 3 1 Burn 3 | . 3 . Smash 1 | . . 1 Melee Attacks 13 | . . 13 Impact 13 | . . 13 Slashing . | . . . Piercing . | . . . Sneak Attacks . | . . . Combat Hostiles . | . . . Follow-up Attacks 2 | . . 2 Damage Inflicted 1272 | 209 303 760 Guns 512 | 209 303 . Cannons . | . . . Explosions 483 | . . 483 Melee 277 | . . 277 Ramming . | . . . Kinetic 198 | 59 139 . Thermal 314 | 150 164 . Explosive 483 | . . 483 Electromagnetic . | . . . Impact 277 | . . 277 Slashing . | . . . Piercing . | . . . Highest Corruption 2 | . . 2 Average Corruption 2 | . . 2 Corruption Purged . | . . . Corruption Blocked . | . . . Effects 1 | . . 1 Matter Fused 1 | . . 1 Overload Shots . | . . . Overflow Damage 13 | . . 13 Projectiles . | . . . Explosions . | . . . Melee 13 | . . 13 Knockbacks 3 | . . 3 Impact 3 | . . 3 Kinetic . | . . . Secondary . | . . . Self-Inflicted Damage . | . . . Shots . | . . . Rammed . | . . . Targets Rammed . | . . . Kicked . | . . . Crushed . | . . . Highest Temperature 161 | 74 161 35 Average Temperature 51 | 25 74 14 Received Heat Transfer 195 | . 150 45 Siege Activations . | . . . Robots Corrupted . | . . . Combat Hostiles . | . . . Parts Fried . | . . . Impact Corruptions 2 | . . 2 Robots Melted . | . . . Combat Hostiles . | . . . Parts Melted 2 | . 2 . Heat Transferred 1147 | 444 703 . Parts Sabotaged . | . . . Parts Stolen . | . . . Parts Stripped . | . . . Power Chain Reactions . | . . . Missiles Intercepted . | . . . Alert | -11 -10 -10 ------- Run | Jun Mat Min Peak Influence 190 | 40 149 190 Initial 57 | . 26 57 Average 90 | 16 103 117 Maximum Alert Level . | . . . Low Security (%) 100 | 100 100 100 Level 1 . | . . . Level 2 . | . . . Level 3 . | . . . Level 4 . | . . . Level 5 . | . . . High Security . | . . . Max Security . | . . . Squads Dispatched 2 | . 2 . Investigation 2 | . 2 . Extermination . | . . . Reinforcement . | . . . Assault . | . . . Garrison . | . . . Intercept . | . . . Searches Triggered . | . . . Construction Impeded . | . . . Haulers Reinforced . | . . . Active Scanning Responses . | . . . Cargo Convoy Interrupts . | . . . Stealth | -11 -10 -10 --------- Run | Jun Mat Min Distress Signals . | . . . Communications Jammed . | . . . Distress Signals . | . . . Times Spotted 23 | . 10 13 Peak Tracking Total 5 | . 4 5 Tactical Retreats 3 | . . 3 Traps | -11 -10 -10 ------- Run | Jun Mat Min Traps Triggered 2 | . 2 . Indirectly . | . . . Trap Hack Attempts . | . . . Triggered . | . . . Disarmed . | . . . Reprogrammed . | . . . Reused . | . . . Traps Extracted . | . . . Installed . | . . . Triggered . | . . . Machines | -11 -10 -10 ---------- Run | Jun Mat Min Machines Disabled 1 | . . 1 Max in Single Turn . | . . . Machines Repaired . | . . . Machines Sabotaged . | . . . Overloaded Fab Kills . | . . . Hacking | -11 -10 -10 --------- Run | Jun Mat Min Machines Accessed 4 | . 4 . Terminals 4 | . 4 . Fabricators . | . . . Repair Stations . | . . . Recycling Units . | . . . Scanalyzers . | . . . Garrison Access . | . . . Total Hacks 9 | . 9 . Successful 4 | . 4 . Failed 5 | . 5 . Catastrophic . | . . . Database Lockouts . | . . . Manual 8 | . 8 . Terminals 9 | . 9 . Fabricators . | . . . Repair Stations . | . . . Recycling Units . | . . . Scanalyzers . | . . . Garrison Access . | . . . Terminal Hacks 3 | . 3 . Part Schematic 1 | . 1 . Prototype ID Bank 1 | . 1 . Terminal Index 1 | . 1 . Fabricator Hacks . | . . . Repair Station Hacks . | . . . Recycling Unit Hacks . | . . . Scanalyzer . | . . . Garrison Access Hacks . | . . . Unauthorized Hacks 1 | . 1 . Terminals 1 | . 1 . Botnet 1 | . 1 . Fabricators . | . . . Repair Stations . | . . . Recycling Units . | . . . Scanalyzers . | . . . Garrison Access . | . . . Data Cores Recovered . | . . . Used . | . . . Hacking Detections 4 | . 4 . Full Trace Events . | . . . Feedback Events . | . . . Feedback Blocked . | . . . Robot Schematics Acquired . | . . . Robots Built . | . . . Authchips . | . . . Time . | . . . Total Robot Build Rating . | . . . Part Schematics Acquired 1 | . 1 . Parts Built . | . . . Authchips . | . . . Time . | . . . Total Part Build Rating . | . . . Parts Repaired . | . . . Time . | . . . Parts Recycled . | . . . Recycled Matter . | . . . Retrieved Matter . | . . . Retrieved Components . | . . . Parts Scanalyzed . | . . . Part Schematics Acquired . | . . . Parts Damaged . | . . . Bothacking | -11 -10 -10 ------------ Run | Jun Mat Min Used RIF Installer . | . . . Robots Hacked . | . . . Non-combat . | . . . Combat . | . . . Robot Hacks Applied . | . . . Relay Couplers Released . | . . . Fabnet Peak Effective % . | . . . Robots Rewired . | . . . Allies Hacked . | . . . Hacks Repelled . | . . . Allies | -11 -10 -10 -------- Run | Jun Mat Min Total Allies 1 | . . 1 Largest Group 1 | . . 1 Highest-Rated Group 31 | . . 31 Highest-Rated Ally 31 | . . 31 Total Orders . | . . . Ally Attacks 22 | . . 22 Total Damage 129 | . . 129 Kills 4 | . . 4 Allies Corrupted . | . . . Allies Melted . | . . . Intel | -11 -10 -10 ------- Run | Jun Mat Min Robot Analysis Total . | . . . Derelict Logs Recovered 1 | . . 1 Drone Launches . | . . . Drone Recoveries . | . . . Exploration | -11 -10 -10 ------------- Run | Jun Mat Min Turns Passed 692 | 140 347 205 Spaces Moved 546 | 85 309 152 Core 12 | 12 . . Treads . | . . . Legs . | . . . Wheels 534 | 73 309 152 Hover . | . . . Flight . | . . . Fastest Speed 50 | 50 80 95 Average Speed 89 | 85 87 96 Slowest Speed 125 | 100 95 125 Overloaded Moves . | . . . Propulsion Burnouts . | . . . Robots Hopped . | . . . Cave-ins Triggered . | . . . Exploration Rate (%) 44 | 4 67 61 Regions Visited 2 Branch Regions 1 Pre-discovered Areas 1 | . . 1 Known Exits Taken . | . . . Unknown Exits Taken 2 | 1 1 . Scrap Searched 2 | . . 2 Spaces Dug . | . . . Terrain Destroyed 50 | . . 50 Melee . | . . . Projectile . | . . . AOE 50 | . . 50 Terrain Rammed . | . . . Walls Destroyed . | . . . Machines Disabled . | . . . Actions | -11 -10 -10 --------- Run | Jun Mat Min Total 657 | 123 350 184 Wait 13 | . 7 6 Move 544 | 84 308 152 Hop . | . . . Pick Up 26 | 12 10 4 Fast Attach . | . . . Attach 13 | 8 2 3 Detach . | . . . Swap 6 | . 2 4 Drop 8 | 4 3 1 Fire 36 | 15 18 3 Melee 11 | . . 11 Ram . | . . . Kick . | . . . Crush . | . . . Escape Stasis . | . . . Rewire . | . . . Trap . | . . . Miscellaneous . | . . . Route ------- -11/Junkyard -10/Materials (discovered 3 exits: [*Mat] / [*Min x2]) -10/Mines (discovered 1 exit: [*Mat]) History --------- Turn | Location | Event 21 | -11/Junkyard | Discovered new exit (range 15) 141 | -11/Junkyard | Entered Materials 305 | -10/Materials | Build established: Mutant 336 | -10/Materials | Discovered new exit (range 14) 443 | -10/Materials | Discovered new exit (range 7) 472 | -10/Materials | Discovered new exit (range 16) 488 | -10/Materials | Entered Mines 507 | -10/Mines | Received a Rocket Launcher from a helpful Derelict 514 | -10/Mines | Assembled infested the area 534 | -10/Mines | Learned 2 Materials zone layouts 544 | -10/Mines | Discovered new exit (range 14) 559 | -10/Mines | Escorted by a lone wolf Derelict 579 | -10/Mines | Learned location of Storage (-9) 649 | -10/Mines | Core integrity fell below 50% 681 | -10/Mines | Core integrity fell below 20% 682 | -10/Mines | Lost 4 parts (1p2n1u) 693 | -10/Mines | Destroyed by as-29010 with Assembled Maul Last Messages --------------- 00680_ U-05 Engineer lays Concrete. 00682_ U-05 Engineer builds a Wall. 00685_ System corrupted: Matter fused (-7). 00685_ K-01 Serf collects debris. 00686_ Knocked back. 00688_ K-01 Serf collects debris. 00689_ Destroyed Asb. Hover Unit. 00689_ as-29010 system corrupted by crushing effect. 00689_ as-29010 knocked back. 00689_ K-01 Serf collects debris. 00690_ U-05 Engineer builds a Wall. 00691_ Hvy. Hammer follow-up attack on as-58254. 00691_ Destroyed Asb. Hover Unit. 00691_ as-58254 system corrupted by crushing effect. 00691_ as-58254 knocked back. 00691_ K-01 Serf collects debris. 00692_ as-58254 system terminally corrupted. 00693_ as-29010 sneak attacks. 00693_ R-06 Scavenger system corrupted by crushing effect. 00693_ R-06 Scavenger knocked back. Map ----- +----------------------------------------------------+ | #### ## ##????# #?????????# # | | #### ##?### ##?????## ##????????# # | | #?# #????? #???????## #???????## # | | #?# #??????#????????## #??????## | | ##?## ##????????????????## ##?????# ## | | #????#### ##???????????? ?????## ##???## #? | | #????????# #####????????? ?????## ##??# ## | | ?????????# ####??????!?????# #### | | ?????????# ##?????[?????# ## | | ?????????#### #?????%?????## ### ## | | ????????????# #?????=??????## ## ##?# #? | | ????????????## #???## ???????# ### ##??# #? | | ?????????????### ##???# ??????? #?#####???# #? | | ???????????????## #????# #??????####?????????# #? | | ???????????###### #????# #????###????????????# #? | | ???????????# # #????#%###### ##???????????? #? | | ???????????# # ###### ## ####????????? #? | | ???????????# %%=% %! #????????? #? | | ???????????# =|*% %#????????? ? | | ???????????# ###########u ## #?????????? ? | | ???????????# ?????????##% ## #?????????? ? | | ???????????# ????????## ### #????????????? | | ???????????####?????????# ]##?# ##???????????? | | ???????????????????###### ! %### ###?????????? | | ?????????????????### %%* #????????? | | ?????????????????# @ #???????? | | ????????????????# r a< #??????? | | ????????????????# #??????? | | ????????????????# #### #???????? | | ???????????????# #???# ##???????? | | ???????????????# #????##?????????? | | ???????????????# ## #k#???????????????? | | ???????????????## #?# # #???????????????? | | ????????????????## #??## #???????????????? | | ?????????????????## ????## ???????????????? | | ??????????????????# ??????# k !???????????????? | | ?????????????????? ??????# ###%??????????????? | | ????????????????? ????????# #?? %?????????????? | | ???????????????? ?????????? #?????????????????? | | ???????????????????????????? ##?????????????????? | | ???????????????????????????? #???????????????????? | | ?????????????????????????????????????????????????? | | ?????????????????????????????????????????????????? | | ?????????????????????????????????????????????????? | | ?????????????????????????????????????????????????? | | ?????????????????????????????????????????????????? | | ?????????????????????????????????????????????????? | | | | | | | +----------------------------------------------------+ Best States ------------- Heat Dissipation 25 Energy Generation 14 Energy Capacity 250 Matter Stores 300 Matter Capacity 300 Sight Range 16 Terrain Scan Density 10 Armor Coverage 225 Evasion (%) 50 Item Schematics ----------------- Wheel | -10/Materials | Hacked Robot Schematics ------------------ None Fabricated ------------ Nothing Alien Tech Used ----------------- None Achievements -------------- None Challenges ------------ None Game ------ Seed RecoilMetafieldDetector Manual? 0 Play Time 00:07:37 Cumulative 319.0 hours Start 2023.03.11 @ 21:42:37 End 2023.03.11 @ 21:49:59 Sessions 1 Manual Loads 0 Difficulty Rogue Special Mode None Game No. 361 Rogue 361 Adventurer 0 Explorer 0 Win Type - Total 6 Types 3/1/1/1/0/0/0/0/0 Lore% 63 Gallery% 78 Achievement% 66 Wizard Run 0 Options --------- ASCII 0 Keyboard 0 Movement Numpad Keybinds 0 Fullscreen 1 Font 16/Terminus Map View 75x55 Tactical HUD 1 Map Filters NONE Filters NONE Steam 1 RUN: f14ed142-f562-42d9-9f60-ace14d133de7